 Dungeon Crawl Stone Soup version 0.29.0-4-gdea44cf6ec (webtiles) character file.

Game seed: 8107906105898710876

1806 qw the Grappler (level 8, 0/70 HPs)
             Began as a Troll Cinder Acolyte on Sept 1, 2022.
             Was an Elder of Ignis.
             Succumbed to Edmund's poison
             ... on level 6 of the Dungeon.
             The game lasted 00:02:35 (4560 turns).

qw the Grappler (Troll Cinder Acolyte)              Turns: 4560, Time: 00:02:35

Health: 0/70       AC: 12    Str: 25    XL:     8   Next: 84%
Magic:  7/7        EV:  9    Int:  8    God:    Ignis [****..]
Gold:   274        SH:  0    Dex:  5    Spells: 9/9 levels left

rFire   + . .      SeeInvis .     - Unarmed
rCold   . . .      Faith    .   (no shield)
rNeg    . . .      Spirit   .   a - +0 robe
rPois   .          Reflect  .   (helmet restricted)
rElec   .          Harm     .   c - +0 cloak
rCorr   .          Rampage  .   (gloves unavailable)
Will    .....      Rage     3%  (boots unavailable)
Stlth   +.........              (no amulet)
HPRegen 1.01/turn               (no ring)
MPRegen 0.10/turn               (no ring)

@: lethally poisoned (0 -> -2), fiery-armoured
A: large, unfitting armour, claws 3, regeneration 1, shaggy fur 1, tough skin 1,
berserk 1, dopey 1, frail 1, low MP 1, wild magic 1
a: Renounce Religion, Fiery Armour, Foxfire Swarm, Rising Flame


You were on level 6 of the Dungeon.
You worshipped Ignis.
Ignis was greatly pleased with you.
You visited 1 branch of the dungeon, and saw 6 of its levels.

You collected 274 gold pieces.


Innate Abilities, Weirdness & Mutations

You are too large for most types of armour.
You have claws for hands.
Your natural rate of healing is unusually fast.
You are covered in fur. (AC +1)
You have tough skin. (AC +1)
You sometimes lose your temper in combat.
You are dopey. (Int -2)
You are frail. (-10% HP)
Your magical capacity is low. (-10% MP)
Your spells are a little harder to cast, but a little more powerful.


   Skills:
 - Level 4.0 Fighting
 - Level 2.1 Throwing
 - Level 1.5 Dodging
 + Level 10.6 Unarmed Combat
 - Level 1.0 Spellcasting
 - Level 2.1 Fire Magic


You had 9 spell levels left.
You didn't know any spells.
Your spell library contained the following spells:

 Spells                   Type           Power      Damage    Failure   Level
 Scorch                   Fire           10%        2d6       32%         2

Inventory:

Missiles
 h - 5 boomerangs (quivered)
Armour
 a - a +0 robe (worn)
 c - a +0 cloak (worn)
Scrolls
 e - a scroll of vulnerability {unknown}
 f - 2 scrolls of identify
 i - a scroll of teleportation
 k - a scroll of enchant armour {unknown}
Potions
 b - 2 potions of heal wounds
 d - a potion of cancellation
 g - a potion of resistance
 j - a potion of degeneration {unknown}

Dungeon Overview and Level Annotations

Branches:
Dungeon (6/15)             Temple (0/1) D:6

Altars:
Cheibriados
Hepliaklqana
Sif Muna
Trog

Shops:
D:5 :

Annotations:
D:2 1 runed translucent door, Crazy Yiuf


Message History

Edmund is heavily wounded.
You feel very sick.
Edmund hits you with a +1 dire flail of venom.
You claw Edmund!
Edmund is almost dead.
You feel very sick.
Edmund hits you with a +1 dire flail of venom.
You are lethally poisoned!
Edmund is burned by your cloak of flames.
Edmund is almost dead.
4552 ||| READING 2 scrolls of teleportation.
As you read the scroll of teleportation, it crumbles to dust.
You feel strangely unstable.
You feel very sick. Edmund hits you but does no damage.
You are more poisoned.
Edmund is burned by your cloak of flames.
Edmund is almost dead.
4553 ||| DRINKING 3 potions of heal wounds.
You feel much better.
You feel extremely sick. Edmund hits you but does no damage.
You are lethally poisoned!
You claw Edmund!
You kill Edmund!
You feel very sick.
Your Throwing skill gained 2 levels and is now at level 2!
There is a lethal amount of poison in your body!
You feel very sick.
There is a lethal amount of poison in your body!
Your surroundings suddenly seem different.
You feel very sick.
There is a lethal amount of poison in your body!
You feel very sick.
There is a lethal amount of poison in your body!
You feel very sick.
There is a lethal amount of poison in your body!
You feel very sick.
There is a lethal amount of poison in your body!
You die...

.........# #....##...~~#
###......# #^...##....##
)........######..........#
..............#..........#
##.#####.................#
##.####..................#
##.......................#
#........................#
......#.........@:.......#
..8.8.))........##########
8....)8)........#
................#
.##+##..........# #
##.>.......#
.#####..........#
...............##
#########.....##


There were no monsters in sight!

Vanquished Creatures
  Grinder (D:3)
  A vampire (D:5)
  Menkaure (D:6)
  2 water moccasins
  Edmund (D:6)
  A black bear (D:5)
  An ice beast (D:6)
  An orc warrior (D:6)
  Blork the orc (D:6)
  A scorpion (D:5)
  2 howler monkeys
  2 hounds (D:4)
  3 orc priests (D:6)
  Natasha (thrice) (D:2)
  4 orc wizards (D:6)
  8 adders
  4 gnolls
  A white imp (D:6)
  2 worms
  2 dart slugs (D:2)
  9 orcs
  10 ball pythons
  5 endoplasms
  5 giant cockroaches (D:4)
  6 goblins
  7 hobgoblins
  8 jackals
  7 kobolds
  5 quokkas
  5 bats
  6 frilled lizards
  3 rats (D:1)
  A spectral hobgoblin (D:3)
119 creatures vanquished.

Vanquished Creatures (others)
  9 plants (D:6)
9 creatures vanquished.

Grand Total: 128 creatures vanquished

Notes
Turn   | Place    | Note
-------+----------+-------------------------------------------
     0 | D:1      | qw the Troll Cinder Acolyte began the quest for the Orb.
     0 | D:1      | Reached XP level 1. HP: 22/22 MP: 1/1
     0 | D:1      | 0 ||| qw: Version: 0.1-a-97-g2dd2ca4
     0 | D:1      | 0 ||| qw: Game counter: 4780
     0 | D:1      | 0 ||| qw: Always use a shield: true
     0 | D:1      | 0 ||| qw: God list: Okawaru
     0 | D:1      | 0 ||| qw: Allow faded altars: false
     0 | D:1      | 0 ||| qw: Do Orc after D:15 true
     0 | D:1      | 0 ||| qw: Do second Lair branch before Depths: true
     0 | D:1      | 0 ||| qw: Lair rune preference: random
     0 | D:1      | 0 ||| qw: Plans: Normal
     0 | D:1      | 0 ||| PLANNING D:1-11
    71 | D:1      | 71 ||| Stepping ~*~*~tactically~*~*~ (stealth).
    75 | D:1      | 75 ||| Stepping ~*~*~tactically~*~*~ (stealth).
    80 | D:1      | 80 ||| Stepping ~*~*~tactically~*~*~ (outnumbered).
   138 | D:1      | Reached XP level 2. HP: 29/29 MP: 2/2
   557 | D:1      | Reached skill level 4 in Unarmed Combat
   645 | D:1      | Found a faded altar of an unknown god.
   822 | D:1      | 822 ||| UPGRADING to +0 cloak.
   827 | D:1      | 827 ||| READING scroll labelled ATZEOR WUAMO.
   828 | D:1      | 828 ||| READING scroll labelled XUATHY IL YFED.
   829 | D:1      | 829 ||| READING scroll labelled VORCHY CAUTZAOC.
   832 | D:1      | 832 ||| READING scroll labelled QAOTYA CUQAOSEE.
   833 | D:1      | 833 ||| DRINKING 2 grey potions.
   834 | D:1      | 834 ||| DRINKING 2 bubbling puce potions.
   858 | D:2      | Noticed Natasha
   861 | D:2      | 861 ||| Stepping ~*~*~tactically~*~*~ (outnumbered).
   865 | D:2      | Killed Natasha
   866 | D:2      | Reached XP level 3. HP: 29/36 MP: 3/3
   869 | D:2      | 869 ||| Stepping ~*~*~tactically~*~*~ (outnumbered).
   870 | D:2      | 870 ||| Stepping ~*~*~tactically~*~*~ (outnumbered).
   871 | D:2      | 871 ||| Stepping ~*~*~tactically~*~*~ (outnumbered).
   944 | D:2      | Noticed Natasha
   952 | D:2      | Killed Natasha
   953 | D:2      | Reached skill level 5 in Unarmed Combat
   953 | D:2      | Reached XP level 4. HP: 38/44 MP: 4/4
  1130 | D:2      | Found a runed translucent door.
  1131 | D:2      | Noticed Crazy Yiuf
  1170 | D:2      | Noticed Natasha
  1171 | D:2      | 1171 ||| Stepping ~*~*~tactically~*~*~ (hiding).
  1176 | D:2      | Killed Natasha
  1415 | D:2      | 1415 ||| Stepping ~*~*~tactically~*~*~ (hiding).
  1417 | D:2      | 1417 ||| Stepping ~*~*~tactically~*~*~ (hiding).
  1538 | D:2      | 1538 ||| Stepping ~*~*~tactically~*~*~ (stealth).
  1625 | D:2      | 1625 ||| READING scroll labelled LOTIVV FEUTEOC.
  1651 | D:2      | 1651 ||| Stepping ~*~*~tactically~*~*~ (stealth).
  1652 | D:2      | 1652 ||| Stepping ~*~*~tactically~*~*~ (stealth).
  1653 | D:2      | 1653 ||| Stepping ~*~*~tactically~*~*~ (stealth).
  1713 | D:3      | 1713 ||| Stepping ~*~*~tactically~*~*~ (hiding).
  1714 | D:3      | 1714 ||| Stepping ~*~*~tactically~*~*~ (hiding).
  1717 | D:3      | 1717 ||| INVOKING Fiery Armour.
  1719 | D:3      | Reached XP level 5. HP: 43/50 MP: 5/5
  1719 | D:3      | 1719 ||| FLEEEEING.
  1720 | D:3      | 1720 ||| FLEEEEING.
  1721 | D:3      | 1721 ||| FLEEEEING.
  1724 | D:3      | 1724 ||| STAIRDANCE
  1788 | D:3      | 1788 ||| STAIRDANCE
  1848 | D:3      | 1848 ||| INVOKING Fiery Armour.
  1849 | D:3      | Reached skill level 6 in Unarmed Combat
  1849 | D:3      | 1849 ||| STAIRDANCE
  2021 | D:3      | Noticed Grinder
  2048 | D:3      | Paralysed by Grinder for 2 turns
  2051 | D:3      | Killed Grinder
  2052 | D:3      | Reached skill level 7 in Unarmed Combat
  2052 | D:3      | Reached XP level 6. HP: 51/59 MP: 6/6
  2270 | D:3      | Noticed a water moccasin
  2279 | D:3      | 2279 ||| INVOKING Fiery Armour.
  2284 | D:3      | HP: 14/59 [poisoned by a water moccasin]
  2284 | D:3      | Killed a water moccasin
  2285 | D:3      | Reached skill level 8 in Unarmed Combat
  2289 | D:3      | HP: 11/59 [poisoned by a water moccasin]
  2410 | D:3      | Reached XP level 7. HP: 66/66 MP: 7/7
  2469 | D:3      | Found a bloodstained altar of Trog.
  2553 | D:3      | Found a hazy altar of Hepliaklqana.
  2565 | D:3      | 2565 ||| READING scroll labelled KEHYSM ACALY.
  2566 | D:3      | 2566 ||| READING 3 scrolls of identify.
  2566 | D:3      | 2566 ||| IDENTIFYING bubbling green potion
  2567 | D:3      | 2567 ||| READING 2 scrolls of identify.
  2567 | D:3      | 2567 ||| IDENTIFYING inky potion
  2568 | D:3      | 2568 ||| DROPPING potion of brilliance.
  2610 | D:4      | 2610 ||| PLANNING SEWER
  2752 | D:4      | 2752 ||| Stepping ~*~*~tactically~*~*~ (outnumbered).
  2849 | D:4      | Reached skill level 3 in Fighting
  3255 | D:4      | 3255 ||| RIP SEWER
  3256 | D:4      | 3256 ||| PLANNING D:1-11
  3336 | D:4      | 3336 ||| READING scroll labelled TITTOE JEASYU.
  3337 | D:4      | 3337 ||| READING scroll labelled WUUL NINOZI.
  3438 | D:4      | 3438 ||| READING scroll labelled FAOTRY AFOA.
  3459 | D:5      | Entered Level 5 of the Dungeon
  3463 | D:5      | 3463 ||| STAIRDANCE
  3493 | D:5      | 3493 ||| FLEEEEING.
  3494 | D:5      | 3494 ||| FLEEEEING.
  3495 | D:5      | 3495 ||| FLEEEEING.
  3496 | D:5      | 3496 ||| FLEEEEING.
  3497 | D:5      | 3497 ||| STAIRDANCE
  3662 | D:5      | Found a snail-covered altar of Cheibriados.
  3781 | D:5      | Noticed a vampire
  3795 | D:5      | Killed a vampire
  3796 | D:5      | Reached skill level 9 in Unarmed Combat
  3860 | D:5      | Found Jyjunkom's Book Emporium.
  4042 | D:5      | 4042 ||| READING scroll labelled BOOZ QEZOCWETH.
  4043 | D:5      | 4043 ||| DRINKING 2 viscous orange potions.
  4043 | D:5      | Gained mutation: Your magical capacity is low. (-10% MP)
                  | [potion of mutation]
  4043 | D:5      | Gained mutation: You sometimes lose your temper in combat.
                  | [potion of mutation]
  4043 | D:5      | Gained mutation: Your body sometimes deteriorates upon
                  | taking damage. [potion of mutation]
  4043 | D:5      | Gained mutation: You have a somewhat thin skeletal
                  | structure. (Dex +2, Stealth+) [potion of mutation]
  4044 | D:5      | 4044 ||| DRINKING potion of mutation.
  4044 | D:5      | Lost mutation: Your body sometimes deteriorates upon taking
                  | damage. [potion of mutation]
  4044 | D:5      | Lost mutation: You have a somewhat thin skeletal structure.
                  | (Dex +2, Stealth+) [potion of mutation]
  4044 | D:5      | Gained mutation: Your spells are a little harder to cast,
                  | but a little more powerful. [potion of mutation]
  4044 | D:5      | Gained mutation: You are frail. (-10% HP) [potion of
                  | mutation]
  4044 | D:5      | Gained mutation: You are dopey. (Int -2) [potion of
                  | mutation]
  4045 | D:5      | 4045 ||| READING 3 scrolls of identify.
  4045 | D:5      | 4045 ||| IDENTIFYING bubbling black potion
  4111 | D:6      | Reached skill level 1 in Dodging
  4111 | D:6      | Reached XP level 8. HP: 67/67 MP: 7/7
  4169 | D:6      | Noticed Menkaure
  4174 | D:6      | Noticed Blork the orc
  4175 | D:6      | 4175 ||| INVOKING Fiery Armour.
  4179 | D:6      | Killed Menkaure
  4180 | D:6      | Reached skill level 10 in Unarmed Combat
  4192 | D:6      | Killed Blork the orc
  4217 | D:6      | 4217 ||| Stepping ~*~*~tactically~*~*~ (stealth).
  4218 | D:6      | 4218 ||| Stepping ~*~*~tactically~*~*~ (stealth).
  4219 | D:6      | 4219 ||| Stepping ~*~*~tactically~*~*~ (stealth).
  4220 | D:6      | 4220 ||| Stepping ~*~*~tactically~*~*~ (stealth).
  4227 | D:6      | 4227 ||| Stepping ~*~*~tactically~*~*~ (outnumbered).
  4232 | D:6      | 4232 ||| Stepping ~*~*~tactically~*~*~ (outnumbered).
  4235 | D:6      | 4235 ||| Stepping ~*~*~tactically~*~*~ (hiding).
  4238 | D:6      | 4238 ||| Stepping ~*~*~tactically~*~*~ (stealth).
  4240 | D:6      | 4240 ||| Stepping ~*~*~tactically~*~*~ (outnumbered).
  4242 | D:6      | 4242 ||| Stepping ~*~*~tactically~*~*~ (outnumbered).
  4243 | D:6      | 4243 ||| DRINKING 2 potions of curing.
  4243 | D:6      | 4243 ||| (to cure confusion)
  4266 | D:6      | 4266 ||| DRINKING potion of curing.
  4266 | D:6      | 4266 ||| (to cure confusion)
  4270 | D:6      | 4270 ||| Stepping ~*~*~tactically~*~*~ (outnumbered).
  4423 | D:6      | Found a staircase to the Ecumenical Temple.
  4512 | D:6      | Found a shimmering blue altar of Sif Muna.
  4536 | D:6      | Noticed Edmund
  4537 | D:6      | 4537 ||| Stepping ~*~*~tactically~*~*~ (stealth).
  4544 | D:6      | 4544 ||| Stepping ~*~*~tactically~*~*~ (stealth).
  4549 | D:6      | 4549 ||| INVOKING Fiery Armour.
  4551 | D:6      | HP: 16/70 [poisoned by Edmund]
  4552 | D:6      | 4552 ||| READING 2 scrolls of teleportation.
  4552 | D:6      | HP: 6/70 [poisoned by Edmund]
  4553 | D:6      | 4553 ||| DRINKING 3 potions of heal wounds.
  4554 | D:6      | Killed Edmund
  4557 | D:6      | HP: 5/70 [poisoned by Edmund]
  4559 | D:6      | HP: 1/70 [poisoned by Edmund]
  4560 | D:6      | Succumbed to Edmund's poison

Levels and vault maps discovered:
D:1:      lightli_arrival_maybe_door_vault, layout_loops_ring,
          nicolae_ecumenical_lake_church, chequers_mini_garden
D:2:      layout_rooms, uniq_natasha, uniq_crazy_yiuf_cottage
D:3:      layout_basic, nicolae_hepliaklqana_monster_ancestors,
          mainiacjoe_overflow_alcove_4, nicolae_concentric_dashed_squares_mild,
          uniq_grinder
D:4:      layout_gridville, gup_sewer_entry_pipe
D:5:      layout_cave_pools, mainiacjoe_overflow_cross_hatched, serial_shops,
          kennysheep_little_box, grunt_ministairs_2
D:6:      layout_rooms, zin_statuary, mainiacjoe_overflow_surrounded_room,
          minmay_temple_entry_fiery, serial_bayou_ford_a, uniq_blork_the_orc,
          uniq_menkaure, uniq_edmund

Skill      XL: |  1  2  3  4  5  6  7  8 |
---------------+-------------------------+-----
Unarmed Combat | 4 5 7 8 9 10 | 10.6
Fighting       | 3 4 |  4.0
Dodging        | 1 |  1.5
Throwing       | 2 |  2.1
Spellcasting   | |  1.0
Fire Magic     | |  2.1

Action                   |  1- 3 |  4- 6 |  7- 9 || total
-------------------------+-------+-------+-------++-------
Melee: Unarmed           |    99 |    97 |   158 ||   354
       Punch             |     1 |     2 |     1 ||     4
Throw: Boomerang         |       |       |     2 ||     2
Invok: Fiery Armour      |       |     3 |     2 ||     5
  Use: Scroll            |     4 |     1 |     9 ||    14
       Potion            |     2 |       |     5 ||     7
Armor: Robe              |    46 |    31 |    52 ||   129
Dodge: Dodged            |    53 |    29 |    49 ||   131

Table legend:
 A = Non-vault XP
 B = Vault XP
 C = Vault XP percentage of total XP
 D = Non-vault monster count
 E = Vault monster count
 F = Vault count percentage of total count
                 A         B        C        D         E       F
            +---------+---------+-------+---------+---------+-------
      Total |    1821 |     759 |  29.4 |     103 |      16 |  13.4
            +---------+---------+-------+---------+---------+-------
        D:1 |      31 |       0 |   0.0 |      23 |       0 |   0.0
        D:2 |     148 |      35 |  19.1 |      24 |       1 |   4.0
        D:3 |     252 |     289 |  53.4 |      16 |       3 |  15.8
        D:4 |     130 |      16 |  11.0 |      15 |       8 |  34.8
        D:5 |     484 |       5 |   1.0 |       4 |       1 |  20.0
        D:6 |     776 |     414 |  34.8 |      21 |       3 |  12.5
            +---------+---------+-------+---------+---------+-------
